Map: Sequencer LE

Players

SpaceDucK

  • Race: Protoss Protoss
  • Spawn Location: 7:00

DnS - Winner!

  • Race: Protoss Protoss
  • Spawn Location: 1:00

Event: WCS Jonkoping 2017

VOD

Have the link to the VOD?

Description

Time

  • Played on: June 17, 2017, 7:07 a.m.
  • Length: 3:57

All games in this series

Show
View Real Time Build Order
Export as new Build Order

SpaceDucK Protoss 

Build Orders:  

Get SALT Encoding   

  12  0:01  Probe (Chrono Boost)  
  13  0:13  Pylon  
  13  0:19  Probe (Chrono Boost)  
  14  0:29  Probe (Chrono Boost)  
  15  0:39  Gateway  
  15  0:41  Probe (Chrono Boost)  
  16  0:50  Assimilator  
  16  0:51  Probe (Chrono Boost)  
  16  0:57  Assimilator  
  17  1:02  Probe (Chrono Boost)  
  18  1:13  Probe (Chrono Boost)  
  18  1:16  Pylon  
  19  1:24  Probe (Chrono Boost)  
  20  1:28  Cybernetics Core  
  21  1:40  Probe (Chrono Boost)  
  21  1:50  Probe (Chrono Boost)  
  22  2:04  Stalker  
  26  2:09  Mothership Core (Chrono Boost)  
  26  2:13  Pylon  
  26  2:28  Probe (Chrono Boost)  
  27  2:35  Sentry  
  29  2:42  Nexus  
  29  2:49  Probe (Chrono Boost)  
  30  3:00  Twilight Council  
  30  3:04  Probe (Chrono Boost)  
  29  3:38  Probe (Chrono Boost)  
Show
View Real Time Build Order
Export as new Build Order

DnS Protoss - Winner!

Build Orders:  

Get SALT Encoding   

  12  0:00  Probe (Chrono Boost)  
  13  0:11  Probe (Chrono Boost)  
  14  0:17  Pylon  
  14  0:22  Probe (Chrono Boost)  
  15  0:35  Probe (Chrono Boost)  
  16  0:36  Gateway  
  16  0:46  Assimilator  
  16  0:47  Probe (Chrono Boost)  
  17  0:51  Assimilator  
  17  0:57  Probe (Chrono Boost)  
  18  1:08  Probe (Chrono Boost)  
  20  1:18  Probe (Chrono Boost)  
  20  1:20  Gateway  
  20  1:25  Cybernetics Core  
  20  1:29  Probe (Chrono Boost)  
  21  1:35  Pylon  
  21  1:39  Probe (Chrono Boost)  
  22  1:50  Probe (Chrono Boost)  
  23  2:02  Mothership Core (Chrono Boost)  
  23  2:03  Warp Gate (Chrono Boost)  
  23  2:08  Stalker (Chrono Boost)  
  27  2:09  Stalker (Chrono Boost)  
  29  2:17  Pylon  
  29  2:35  Stalker x2 (Chrono Boost)  
  33  3:04  Stalker  
  33  3:05  Stalker  
  37  3:16  Nexus  
  37  3:25  Pylon  
  37  3:34  Probe  
  38  3:51  Robotics Facility  
  38  3:56  Stalker x2  
Tags
 
Add a new tag
Caveats
  • Supply blocks, unpowered buildings, or Contaminate may cause inaccurate times.
  • Supply counts are checked every 10 seconds.